 Dungeon Crawl Stone Soup version 0.31-a0-219-g8d62b2e7bb (webtiles) character file.

Game seed: 16097043631186933774

45 Nietzsche the Cudgeller (level 3, -2/40 HPs)
             Began as a Demonspawn Gladiator on July 4, 2023.
             Slain by Sigmund
             ... wielding a +1 scythe of distortion
              (3 damage)
             ... on level 3 of the Dungeon.
             The game lasted 00:05:43 (1815 turns).

Nietzsche the Cudgeller (Demonspawn Gladiator)      Turns: 1815, Time: 00:05:43

Health: -2/40      AC: 21    Str: 14    XL:     3   Next: 42%
Magic:  4/4        EV:  2    Int: 11    God:
Gold:   109        SH:  0    Dex: 14    Spells: 4/4 levels left

rFire   . . .        a - +0 flail
rCold   . . .        (no shield)
rNeg    . . .        b - melded +0 leather armour
rPois   +            c - melded +0 helmet
rElec   .            (cloak currently unavailable)
rCorr   .            (gloves currently unavailable)
SInv    .            (boots currently unavailable)
Will    .....        (no amulet)
Stlth   +            (no ring)
HPRegen 0.26/turn    (no ring)
MPRegen 0.09/turn

%: no passive effects
@: confused, tree-form, attractive
A: stationary, stasis, torment immunity, boosted hp, ignite blood 1
a: no special abilities


You were on level 3 of the Dungeon.
You were a tree.
You visited 1 branch of the dungeon, and saw 3 of its levels.

You collected 109 gold pieces.

Inventory:

Hand Weapons
 a - a +0 flail (weapon)
 j - a +0 spear
 m - a +0 long sword
Missiles
 d - 3 throwing nets (quivered)
 e - 5 javelins
Armour
 b - a +0 leather armour (melded)
 c - a +0 helmet (melded)
Jewellery
 p - a ring of positive energy
Scrolls
 h - a scroll of butterflies {unknown}
 i - a scroll of teleportation {unknown}
 k - 2 scrolls of identify {unknown}
 l - a scroll of vulnerability {unknown}
 n - a scroll of immolation {unknown}
Potions
 g - a potion of attraction
 o - a potion of cancellation {unknown}
 q - a potion of invisibility {unknown}


   Skills:
 + Level 2.1 Fighting
 + Level 3.3 Maces & Flails
 - Level 1.7 Throwing
 + Level 0.7 Armour
 + Level 3.0 Dodging
 * Level 1.1 Spellcasting


You had 4 spell levels left.
You didn't know any spells.
Your spell library was empty.

Dungeon Overview and Level Annotations

Branches:
Dungeon (3/15)

Altars:

Annotations:
D:3 Sigmund


Innate Abilities, Weirdness & Mutations

You are a tree.
Your roots penetrate the ground, keeping you stationary.
You cannot be teleported.
You are immune to unholy pain and torment.
Your maximum health is greatly increased.
Your equipment is partially melded.
Your demonic aura sometimes causes spilled blood to erupt in flames.


Message History

Sigmund points at you and mumbles some strange words.
You are confused.
You bump into the rock wall.
Sigmund points at you and mumbles some strange words.
You are more confused.
Sigmund casts a spell at you. The puff of flame hits you.
You bump into the rock wall.
Sigmund casts a spell.
Sigmund flickers and vanishes!
Deactivating autopickup; reactivate with Ctrl-A.
You're too confused to move!
You hear some strange, mumbled words.
You are more confused.
You see here 6 gold pieces.
You now have 109 gold pieces (gained 6).
Something hits you but does no damage. Space warps around you.
You bump into the granite statue.
Something hits you. Space warps around you.
Unknown command.
It was a potion of attraction.
You feel attractive to monsters. Something barely misses you.
Something is attracted toward you.
It was a potion of lignification.
You turn into a tree.
Your +0 helmet melds into your body.
Your +0 leather armour melds into your body.
Your roots penetrate the ground.
You cannot move. (Use ctrl+direction or * direction to attack while stationary and confused.)
You cannot move. (Use ctrl+direction or * direction to attack while stationary and confused.)
You barely miss something.
You hear some strange, mumbled words.
You are more confused.
You nearly hit yourself!
Something hits you but does no damage.
You swing at nothing.
Something hits you but does no damage. Space warps horribly around you!
* * * LOW HITPOINT WARNING * * *
You swing at nothing.
Something hits you but does no damage. Space warps around you.
* * * LOW HITPOINT WARNING * * *
You attack the stone wall.
Something hits you.
You die...

#.#.##.##..#
#.........<# ###
###.#..###.####...
#..# #.#....# #..#
#.#....# #
#..###....!.##.#
#..##..........#
#..............#
#.###...♣.....# #.
#####8..8## #.
....# ## #..##
...8 ..### .. .##


There were no monsters in sight!

Vanquished Creatures
  A dart slug (D:1)
  3 bats
  6 endoplasms
  A giant cockroach (D:2)
  4 goblins (D:1)
  2 hobgoblins (D:2)
  4 jackals (D:3)
  A quokka (D:2)
  4 ball pythons
  A frilled lizard (D:1)
  5 kobolds
  7 rats
39 creatures vanquished.

Notes
Turn   | Place    | Note
-------+----------+-------------------------------------------
     0 | D:1      | Nietzsche the Demonspawn Gladiator began the quest for the
                  | Orb.
     0 | D:1      | Reached XP level 1. HP: 16/16 MP: 1/1
   120 | D:1      | Found a faded altar of an unknown god.
   230 | D:1      | You fall into a shaft and drop 1 floor!
   282 | D:1      | Gained mutation: Your demonic aura sometimes causes spilled
                  | blood to erupt in flames. [demonic ancestry]
   282 | D:1      | Reached XP level 2. HP: 22/22 MP: 2/2
   965 | D:2      | Reached XP level 3. HP: 24/27 MP: 4/4
  1747 | D:3      | Reached skill level 1 in Spellcasting
  1796 | D:3      | Noticed Sigmund
  1813 | D:3      | HP: 2/40 [something (14)]
  1815 | D:3      | Slain by Sigmund

Illustrated notes

Levels and vault maps discovered:
D:1:      dpeg_arrival_houses_and_road, layout_loops_ring,
          shapermc_ecumenical_altar_starsandcircs
D:2:      layout_rooms, serial_co_window_serial, co_window_corner_a,
          co_window_corner_a, co_window_paths_a, co_window_corner_a,
          co_window_corner_a, co_window_of_opportunity_a, co_window_paths_a,
          co_window_of_opportunity_c, co_window_2corner, co_window_corner_b,
          co_window_of_opportunity_b, co_window_unsneaky_path_d,
          co_window_of_opportunity_b, co_window_4corner_b, glass_columns_a,
          glass_columns_b, glass_columns_a, minmay_crystal_room,
          kennysheep_generic_room_16
D:3:      layout_loops_ring, minitemple, uniq_crazy_yiuf_cottage, uniq_sigmund

Skill      XL: |  1  2  3 |
---------------+----------+-----
Maces & Flails | 3 |  3.3
Dodging        | 3 |  3.0
Spellcasting   | 1 |  1.1
Fighting       | |  2.1
Throwing       | |  1.7
Armour         | |  0.7

Action                     || total
---------------------------++-------
  Melee: Flail             ||    91
         Punch             ||     3
    Use: Potion            ||     2
 Armour: Leather armour    ||    31
         Skin              ||     3
  Dodge: Dodged            ||    53

Table legend: (Time is in decaauts)
 A = Elapsed time spent in this place.
 B = Non-inter-level travel time spent in this place.
 C = Inter-level travel time spent in this place.
 D = Time resting spent in this place.
 E = Time spent auto-exploring this place.
 F = Levels seen in this place.
 G = Mean time per level.
                   A        B        C        D        E       F      G
               +--------+--------+--------+--------+--------+-----+--------+
         Total |   1843 |   1843 |      0 |      0 |   1246 |   3 |  614.3 |
       Dungeon |   1843 |   1843 |      0 |      0 |   1246 |   3 |  614.3 |
               +--------+--------+--------+--------+--------+-----+--------+

Top non-repeatable levels by time:
     D:2: 991 daAuts
     D:1: 773 daAuts
     D:3: 78 daAuts
